 Dungeon Crawl Stone Soup version 0.27-a0-773-gaaee5cf45b (webtiles) character file.

Game seed: 2671616633411435655

77 robertstho the Magician (level 4, -1/32 HPs)
             Began as a Djinni Fire Elementalist on Mar 25, 2021.
             Slain by a scorpion (10 damage)
             ... on level 3 of the Dungeon.
             The game lasted 00:03:27 (2434 turns).

robertstho the Magician (Djinni Fire Elementalist)  Turns: 2434, Time: 00:03:28

Health: -1/32      AC:  2    Str:  7    XL:     4   Next: 33%
Gold:   79         EV: 12    Int: 18    God:
                   SH:  0    Dex: 13

rFire    + + .     SeeInvis .   c - +0 short sword (venom)
rCold    x . .     Faith    .   (no shield)
rNeg     . . .     Spirit   .   a - +0 robe
rPois    ∞         Reflect  .   (no helmet)
rElec    .         Harm     .   (no cloak)
rCorr    .         Rampage  .   (no gloves)
Will     .....                  (boots unavailable)
Stlth    ++........             (no amulet)
HPRegen  0.10/turn              (no ring)
MPRegen  0.00/turn              (no ring)

@: flying
A: fire resistance 2, cold vulnerability 1, float, innate caster, hp casting,
extra vitality 1
a: no special abilities


You were on level 3 of the Dungeon.
You visited 1 branch of the dungeon, and saw 3 of its levels.

You collected 79 gold pieces.

Inventory:

Hand Weapons
 c - a +0 short sword of venom (weapon)
 h - a +0 short sword
Armour
 a - a +0 robe (worn)
Jewellery
 d - a +6 ring of dexterity
Scrolls
 i - a scroll of fog {unknown}
 j - a scroll of summoning {unknown}
Potions
 b - a potion of invisibility {unknown}
 e - a potion of brilliance
 f - a potion of degeneration {unknown}
 g - a potion of lignification


   Skills:
 * Level 1.0 Fighting
 * Level 2.4 Dodging
 - Level 1.5 Stealth
 * Level 4.0 Spellcasting


You couldn't memorise any spells.
You knew the following spells:

 Your Spells              Type           Power      Damage    Failure   Level
a - Foxfire               Conj/Fire      72%        2x1d7     2%          1
b - Conjure Flame         Conj/Fire      18%        6-21      9%          3
c - Inner Flame           Hex/Fire       18%        N/A       9%          3
d - Sticky Flame          Conj/Fire      18%        2d4       26%         4
e - Fireball              Conj/Fire      9%         3d6       58%         5
f - Animate Skeleton      Necr           36%        N/A       2%          1
Your spell library was empty.

Dungeon Overview and Level Annotations

Branches:
Dungeon (3/15)

Altars:
Nemelex Xobeh

Shops:
D:2 ((


Innate Abilities, Weirdness & Mutations

You are immune to poison.
Your flesh is very heat resistant. (rF++)
You are vulnerable to cold. (rC-)
You float through the air rather than walking.
You learn spells naturally, not from books.
Your magical power is your life essence.
You have superior vitality. (+4 HP)


Message History

A gnoll sergeant comes into view. It is wielding a +0 spear.
Casting: Foxfire (safe; 2% risk of failure)
Confirm with . or Enter, or press ? or * to list all spells.
You conjure some foxfire!
The gnoll sergeant shouts!
A scorpion comes into view.
The foxfire hits the gnoll.
The gnoll is severely wounded.
Casting: Foxfire (safe; 2% risk of failure)
Confirm with . or Enter, or press ? or * to list all spells.
You conjure some foxfire!
The gnoll hits you from afar with a +0 halberd!
The foxfire hits the gnoll but does no damage.
The gnoll is severely wounded.
The foxfire hits the gnoll.
You kill the gnoll!
Your Fighting skill increases to level 1!
Casting: Foxfire (safe; 2% risk of failure)
Confirm with . or Enter, or press ? or * to list all spells.
You conjure some foxfire!
The foxfire hits the rat.
The rat is heavily wounded.
The foxfire hits the rat.
You kill the rat!
Casting: Foxfire (safe; 2% risk of failure)
Confirm with . or Enter, or press ? or * to list all spells.
You conjure some foxfire!
A gnoll comes into view. It is wielding a +0 flail.
The gnoll sergeant completely misses you.
The foxfire hits the gnoll sergeant.
The gnoll sergeant is lightly wounded.
The foxfire hits the gnoll sergeant but does no damage.
The gnoll sergeant is lightly wounded.
The gnoll sergeant barely misses you.
Casting: Foxfire (safe; 2% risk of failure)
Confirm with . or Enter, or press ? or * to list all spells.
You conjure some foxfire!
The gnoll sergeant hits you from afar with a +0 spear!
* * * LOW HITPOINT WARNING * * *
The scorpion stings you!
You die...

######## ####
......##### #...
.....#..(# #...
....#...##### #...
)##+#...#...#...# #...
........#...#...# ####
#..g.s#.......# #
##.##v@#§....##########
......v§§...............
######...##.............
#.#.##..........###
#.#.##..........###
#.§.....#..........
###..##.#÷.........
........#....(.....
#####..##...#.###.÷.


You could see a gnoll sergeant (ally target) and a scorpion (ally target).

Vanquished Creatures
  An adder (D:2)
  A gnoll (D:3)
  A white imp (D:2)
  2 worms (D:3)
  4 ball pythons
  4 bats
  3 endoplasms
  2 giant cockroaches
  2 goblins
  4 hobgoblins
  4 quokkas
  3 frilled lizards
  6 kobolds
  9 rats
46 creatures vanquished.

Vanquished Creatures (others)
  159 foxfires
159 creatures vanquished.

Grand Total: 205 creatures vanquished

Notes
Turn   | Place    | Note
-------+----------+-------------------------------------------
     0 | D:1      | robertstho the Djinni Fire Elementalist began the quest for
                  | the Orb.
     0 | D:1      | Reached XP level 1. HP: 15/15 MP: 0/0
   188 | D:1      | Reached skill level 3 in Spellcasting
   190 | D:1      | Reached XP level 2. HP: 18/21 MP: 0/0
  1098 | D:2      | Reached XP level 3. HP: 23/26 MP: 0/0
  1098 | D:2      | Learned a level 1 spell: Animate Skeleton
  1124 | D:2      | Found a sparkling altar of Nemelex Xobeh.
  1368 | D:2      | Found Onuwurim's Antique Weapon Emporium.
  1801 | D:2      | Found a faded altar of an unknown god.
  1897 | D:2      | Found Fejol's Antique Weapon Boutique.
  2132 | D:3      | Reached XP level 4. HP: 29/31 MP: 0/0
  2263 | D:3      | Reached skill level 4 in Spellcasting
  2425 | D:3      | Noticed a gnoll sergeant
  2430 | D:3      | Reached skill level 1 in Fighting
  2434 | D:3      | Slain by a scorpion

Illustrated notes

Levels and vault maps discovered:
D:1:      minmay_arrival_up_and_down, layout_loops_ring
D:2:      layout_loops_ring, nemelex_xobeh_ov_fountains_minmay,
          chequers_ecumenical_altar_lobes, serial_shops,
          nicolae_shop_window_shopping, shop, kennysheep_cluttered_room
D:3:      wad_river_or_something, layout_basic, uniq_sigmund, uniq_terence

Skill      XL: |  1  2  3  4 |
---------------+-------------+-----
Spellcasting   | 3 4 |  4.0
Fighting       | 1 |  1.0
Dodging        | |  2.4
Stealth        | |  1.5

Action                   |  1- 3 |  4- 6 || total
-------------------------+-------+-------++-------
 Cast: Foxfire           |    79 |    21 ||   100
  Use: Scroll            |     3 |       ||     3
Armor: Robe              |     1 |       ||     1
Dodge: Dodged            |     3 |     2 ||     5

Table legend: (Time is in decaauts)
 A = Elapsed time spent in this place.
 B = Non-inter-level travel time spent in this place.
 C = Inter-level travel time spent in this place.
 D = Time resting spent in this place.
 E = Time spent auto-exploring this place.
 F = Levels seen in this place.
 G = Mean time per level.
                   A        B        C        D        E       F      G
               +--------+--------+--------+--------+--------+-----+--------+
         Total |   2432 |   2353 |     79 |      0 |   2080 |   3 |  810.7 |
       Dungeon |   2432 |   2353 |     79 |      0 |   2080 |   3 |  810.7 |
               +--------+--------+--------+--------+--------+-----+--------+

Top non-repeatable levels by time:
     D:1: 1060 daAuts
     D:2: 1021 daAuts
     D:3: 350 daAuts
